 Dungeon Crawl Stone Soup version 0.29.0-13-gc9e81de378 (webtiles) character file.

Game seed: 5345485835200213352

77 Strat the Caller (level 4, -1/36 HPs)
             Began as a Ghoul Summoner on Sept 8, 2022.
             Slain by an orc
             ... wielding a +0 falchion
              (2 damage)
             ... on level 3 of the Dungeon.
             The game lasted 00:05:07 (2927 turns).

Strat the Caller (Ghoul Summoner)                   Turns: 2927, Time: 00:05:07

Health: -1/36      AC:  2    Str: 13    XL:     4   Next: 34%
Magic:  5/5        EV: 12    Int: 10    God:
Gold:   134        SH:  0    Dex:  9    Spells: 3/6 levels left

rFire   . . .      SeeInvis .   a - +0 flail
rCold   + . .      Faith    .   (no shield)
rNeg    + + +      Spirit   .   g - +0 robe
rPois   ∞          Reflect  .   (no helmet)
rElec   .          Harm     .   (no cloak)
rCorr   .          Rampage  .   (no gloves)
Will    .....                   (no boots)
Stlth   +.........              (no amulet)
HPRegen 0.00/turn               (no ring)
MPRegen 0.09/turn               (no ring)

@: confused, inhibited regen
A: claws 1, cold resistance 1, negative energy resistance 3, inhibited
regeneration, torment resistance 2, devour on kill
a: no special abilities


You were on level 3 of the Dungeon.
You visited 1 branch of the dungeon, and saw 3 of its levels.

You collected 134 gold pieces.

Inventory:

Hand Weapons
 a - a +0 flail (weapon)
 b - a +0 sling
Missiles
 f - 6 poisoned darts
Armour
 c - a +0 ring mail
 g - a +0 robe (worn)
Jewellery
 q - a ring of magical power
Scrolls
 e - 3 scrolls of identify {unknown}
 j - a scroll of fog {unknown}
 m - a scroll of poison {unknown}
 n - a scroll of teleportation {unknown}
 r - a scroll of brand weapon {unknown}
Potions
 d - a potion of lignification {unknown}
 h - a potion of brilliance {unknown}
 i - a potion of attraction {unknown}
 k - a potion of degeneration {unknown}
 l - a potion of magic
 o - a potion of might {unknown}
 p - a potion of curing {unknown}


   Skills:
 - Level 2.0 Fighting
 * Level 2.7 Maces & Flails
 - Level 1.7 Dodging
 - Level 2.1 Stealth
 - Level 0.6 Unarmed Combat
 - Level 1.7 Spellcasting
 - Level 3.6 Summonings


You had 3 spell levels left.
You knew the following spells:

 Your Spells              Type           Power      Damage    Failure   Level
a - Summon Small Mammal   Summ           32%        N/A       8%          1
b - Call Imp              Summ           8%         N/A       11%         2

Your spell library contained the following spells:

 Spells                   Type           Power      Damage    Failure   Level
 Call Canine Familiar     Summ           8%         N/A       22%         3
 Summon Guardian Golem    Hex/Summ       4%         N/A       43%         3
 Summon Lightning Spire   Summ/Air       4%         N/A       83%         4
 Petrify                  Tmut/Erth      0%         N/A       97%         4
 Irradiate                Conj/Tmut      0%         3d11      100%        5
 Sublimation of Blood     Necr           Unusable   N/A       N/A         2

Dungeon Overview and Level Annotations

Branches:
Dungeon (3/15)

Altars:

Shops:
D:2 *


Innate Abilities, Weirdness & Mutations

You are immune to poison.
You have sharp fingernails.
Your flesh is cold resistant. (rC+)
You are immune to negative energy. (rN+++)
You do not regenerate when monsters are visible.
You are immune to unholy pain and torment.
You thrive by killing the living.


Message History

The hobgoblin hits you. The hobgoblin attacks as you move away!
The hobgoblin closely misses you.
You bump into the rock wall.
The orc wizard gestures at you while chanting.
The magic dart hits you. The hobgoblin misses you.
You hit the hobgoblin.
You kill the hobgoblin!
You feel less confused. The orc wizard casts a spell at you.
You are confused.
An orc comes into view. It is wielding a +0 falchion.
The orc shouts!
The orc wizard casts a spell.
The orc wizard flickers and vanishes!
Deactivating autopickup; reactivate with Ctrl-A.
The orc closely misses you. Something hits you. The orc barely misses you.
Something hits you but does no damage.
You miss the orc.
You feel less confused. The orc misses you.
You hear some strange, mumbled words.
You are confused.
The orc hits you with a +0 falchion of electrocution!
* * * LOW HITPOINT WARNING * * *
Something hits you but does no damage.
You bump into the rock wall.
The orc hits you with a +0 falchion of electrocution.
* * * LOW HITPOINT WARNING * * *
Something hits you.
* * * LOW HITPOINT WARNING * * *
You barely miss the orc. The orc hits you but does no damage.
Something hits you.
* * * LOW HITPOINT WARNING * * *
The orc hits you with a +0 falchion of electrocution!
* * * LOW HITPOINT WARNING * * *
You completely miss something. The orc hits you with a +0 falchion.
* * * LOW HITPOINT WARNING * * *
Something barely misses you. The orc closely misses you.
You barely miss something. The orc hits you with a +0 falchion.
You die...

#.#.........#
#.#.........#
#.#.........#
#.#.........#
#.#.........#
#.#.........#
#...........#
#†o{........#
############.@o..#######
#............#####
###.########## #.# #.#
#.###### #......#
########.# #<.....#.#


You could see 2 orcs.

Vanquished Creatures
  A hound skeleton (D:2)
  An adder (D:2)
  An adder zombie (D:2)
  An adder skeleton (D:2)
  A dart slug (D:2)
  5 orcs
  4 ball pythons
  2 endoplasms (D:2)
  A giant cockroach (D:1)
  3 goblins (D:2)
  6 hobgoblins
  5 kobolds (D:2)
  A ball python zombie (D:2)
  4 bats
  A frilled lizard (D:2)
  A jackal skeleton (D:2)
  5 rats
43 creatures vanquished.

Vanquished Creatures (others)
  A withered plant (D:2)
1 creature vanquished.

Grand Total: 44 creatures vanquished

Notes
Turn   | Place    | Note
-------+----------+-------------------------------------------
     0 | D:1      | Strat the Ghoul Summoner began the quest for the Orb.
     0 | D:1      | Reached XP level 1. HP: 14/14 MP: 2/2
   710 | D:1      | Reached XP level 2. HP: 22/22 MP: 3/3
   713 | D:1      | Learned a level 2 spell: Call Imp
  1015 | D:2      | Reached skill level 1 in Fighting
  1015 | D:2      | Reached skill level 1 in Maces & Flails
  1212 | D:2      | Found a faded altar of an unknown god.
  1340 | D:2      | Reached XP level 3. HP: 25/28 MP: 4/4
  1640 | D:2      | Found Lyntoek's General Store.
  2266 | D:2      | Reached XP level 4. HP: 31/36 MP: 5/5
  2926 | D:3      | HP: 1/36 [orc/+0 falchion (3)]
  2927 | D:3      | Slain by an orc

Illustrated notes

Levels and vault maps discovered:
D:1:      spicycebolla_green_bress_n_ham_2, layout_basic
D:2:      cheibrodos_pilgrimage, layout_basic, serial_undead, serial_undead_a,
          serial_undead_a, serial_undead_c, serial_undead_d,
          hellmonk_ecumenical_altar_blasted, serial_shops,
          nicolae_shop_statue_plus
D:3:      layout_basic, gammafunk_ghost_nasty_kobolds

Skill      XL: |  1  2  3 |
---------------+----------+-----
Fighting       | 1 2 |  2.0
Maces & Flails | 1 2 |  2.7
Dodging        | |  1.7
Stealth        | |  2.1
Unarmed Combat | |  0.6
Spellcasting   | |  1.7
Summonings     | |  3.6

Action                   |  1- 3 |  4- 6 || total
-------------------------+-------+-------++-------
Melee: Unarmed           |    12 |       ||    12
       Mace              |    71 |     2 ||    73
       Punch             |     2 |       ||     2
       Flail             |       |     9 ||     9
 Fire: Sling             |    36 |    29 ||    65
 Stab: Sleeping          |     1 |       ||     1
Armor: Robe              |    18 |     4 ||    22
Dodge: Dodged            |    60 |    20 ||    80
